| TOP OF THE 1ST |
|
Kingsport Mets batting - Pitching for Bristol Pirates : RHP Shi-yu Man
|
|
Pitching: RHP Shi-yu Man
|
|
|
Batting: SHB Josh Thomson
|
0-0: Ball 1-0: Called Strike 1-1: Fly out, F1 (Line Drive, P, EV 66.2 MPH)
|
|
Batting: LHB Randolph Brodbeck
|
0-0: Swinging Strike 0-1: Called Strike 0-2: Ground out 5-3 (Groundball, 5L, EV 86.9 MPH)
|
|
Batting: RHB Juan Medina
|
0-0: Ball 1-0: Called Strike 1-1: Ball 2-1: Ground out 5-3 (Groundball, 56S, EV 86.2 MPH)
|
| Top of the 1st over - 0 runs, 0 hits, 0 errors, 0 left on base; Kingsport 0 - Bristol 0 |
| BOTTOM OF THE 1ST |
|
Bristol Pirates batting - Pitching for Kingsport Mets : RHP Mark Paddock
|
|
Pitching: RHP Mark Paddock
|
|
|
Batting: RHB Ryan Thurston
|
0-0: Ball 1-0: Ball 2-0: Called Strike 2-1: Called Strike 2-2: Foul Ball, location: 2F 2-2: Foul Ball, location: 2F 2-2: Strikes out swinging, 2-3 out at first.
|
|
Batting: RHB Rafael Galicia
|
0-0: Fly out, F8 (Line Drive, 8LD, EV 97.5 MPH)
|
|
Batting: RHB Jon Solis
|
0-0: Fly out, F8 (Flyball, 78D, EV 86.9 MPH)
|
| Bottom of the 1st over - 0 runs, 0 hits, 0 errors, 0 left on base; Kingsport 0 - Bristol 0 |
| TOP OF THE 2ND |
|
Kingsport Mets batting - Pitching for Bristol Pirates : RHP Shi-yu Man
|
|
Batting: RHB Dan Muse
|
0-0: Ball 1-0: Foul Ball, location: 2F 1-1: Foul Ball, location: 2F 1-2: Fly out, F8 (Line Drive, 8RD, EV 91.9 MPH)
|
|
Batting: RHB Chris Artz
|
0-0: Ground out 6-3 (Groundball, 6, EV 87.5 MPH)
|
|
Batting: RHB Warren Carmichael
|
0-0: Ball 1-0: Ball 2-0: Foul Ball, location: 2F 2-1: Called Strike 2-2: Ball 3-2: Fly out, F7 (Flyball, 7D, EV 101.9 MPH)
|
| Top of the 2nd over - 0 runs, 0 hits, 0 errors, 0 left on base; Kingsport 0 - Bristol 0 |
| BOTTOM OF THE 2ND |
|
Bristol Pirates batting - Pitching for Kingsport Mets : RHP Mark Paddock
|
|
Batting: SHB Juan Ayala
|
0-0: Ball 1-0: Ball 2-0: Called Strike 2-1: Called Strike 2-2: Strikes out looking
|
|
Batting: LHB Damien Cohen
|
0-0: Ball 1-0: DOUBLE (Line Drive, 7LS, EV 95.0 MPH)
|
|
Batting: RHB Oscar Munoz
|
0-0: Foul Ball, location: 2F 0-1: Called Strike 0-2: Strikes out swinging
|
|
Batting: LHB Tommie Benefield
|
0-0: Ball 1-0: Foul Ball, location: 2F 1-1: Foul Ball, location: 2F 1-2: Strikes out swinging
|
| Bottom of the 2nd over - 0 runs, 1 hit, 0 errors, 1 left on base; Kingsport 0 - Bristol 0 |
| TOP OF THE 3RD |
|
Kingsport Mets batting - Pitching for Bristol Pirates : RHP Shi-yu Man
|
|
Batting: RHB Artyom Shavkunov
|
0-0: Foul Ball, location: 2F 0-1: Ball 1-1: Ball 2-1: Called Strike 2-2: Fly out, F7 (Flyball, 78D, EV 92.5 MPH)
|
|
Batting: RHB Kyle Verkamp
|
0-0: Called Strike 0-1: Ball 1-1: Ball 2-1: Foul Ball, location: 2F 2-2: Strikes out swinging
|
|
Batting: LHB Rick Vallis
|
0-0: Ground out 5-3 (Groundball, 56, EV 106.2 MPH)
|
| Top of the 3rd over - 0 runs, 0 hits, 0 errors, 0 left on base; Kingsport 0 - Bristol 0 |
| BOTTOM OF THE 3RD |
|
Bristol Pirates batting - Pitching for Kingsport Mets : RHP Mark Paddock
|
|
Batting: RHB Dustin Hamblin
|
0-0: Ball 1-0: Ball 2-0: Called Strike 2-1: Foul Ball, location: 2F 2-2: Ball 3-2: Strikes out swinging
|
|
Batting: RHB Zachery Loomis
|
0-0: Called Strike 0-1: Ball 1-1: Swinging Strike 1-2: Foul Ball, location: 2F 1-2: Ground out 4-3 (Groundball, 34, EV 89.4 MPH)
|
|
Batting: RHB Ryan Thurston
|
0-0: Fly out, F7 (Flyball, 7, EV 89.4 MPH)
|
| Bottom of the 3rd over - 0 runs, 0 hits, 0 errors, 0 left on base; Kingsport 0 - Bristol 0 |
| TOP OF THE 4TH |
|
Kingsport Mets batting - Pitching for Bristol Pirates : RHP Shi-yu Man
|
|
Batting: SHB Josh Thomson
|
0-0: Ball 1-0: Ball 2-0: Ball 3-0: Called Strike 3-1: Base on Balls
|
|
Batting: LHB Randolph Brodbeck
|
0-0: Ball 1-0: Ball 2-0: Ground out 5-3 (Groundball, 25, EV 86.2 MPH) Josh Thomson to second
|
|
Batting: RHB Juan Medina
|
0-0: Ball 1-0: Called Strike 1-1: Ball 2-1: Foul Ball, location: 2F 2-2: Ball 3-2: Ground out 6-3 (Groundball, 6, EV 90.0 MPH)
|
|
Batting: RHB Dan Muse
|
0-0: Called Strike 0-1: Ball 1-1: Ball 2-1: Foul Ball, location: 2F 2-2: Ball Wild Pitch! Josh Thomson to third 3-2: Strikes out swinging
|
| Top of the 4th over - 0 runs, 0 hits, 0 errors, 1 left on base; Kingsport 0 - Bristol 0 |
| BOTTOM OF THE 4TH |
|
Bristol Pirates batting - Pitching for Kingsport Mets : RHP Mark Paddock
|
|
Batting: RHB Rafael Galicia
|
0-0: Ball 1-0: DOUBLE (Line Drive, 89D, EV 105.0 MPH)
|
|
Batting: RHB Jon Solis
|
0-0: Foul Ball, location: 2F 0-1: Ball 1-1: Ball 2-1: Foul Ball, location: 2F 2-2: Ball 3-2: Strikes out swinging
|
|
Batting: SHB Juan Ayala
|
0-0: Called Strike 0-1: Fly out, F7 (Flyball, 78M, EV 76.2 MPH)
|
|
Batting: LHB Damien Cohen
|
0-0: Ball 1-0: Ball 2-0: Ball 3-0: Base on Balls
|
|
Batting: RHB Oscar Munoz
|
0-0: Swinging Strike 0-1: Swinging Strike 0-2: Ball 1-2: Foul Ball, location: 2F 1-2: Foul Ball, location: 2F 1-2: Foul Ball, location: 2F 1-2: Ball 2-2: Strikes out swinging
|
| Bottom of the 4th over - 0 runs, 1 hit, 0 errors, 2 left on base; Kingsport 0 - Bristol 0 |
| TOP OF THE 5TH |
|
Kingsport Mets batting - Pitching for Bristol Pirates : RHP Shi-yu Man
|
|
Batting: RHB Chris Artz
|
0-0: Ball 1-0: Ball 2-0: Ground out 4-3 (Groundball, 6M, EV 107.5 MPH)
|
|
Batting: RHB Warren Carmichael
|
0-0: Ground out 4-3 (Groundball, 4M, EV 81.9 MPH)
|
|
Batting: RHB Artyom Shavkunov
|
0-0: Called Strike 0-1: Ball 1-1: Foul Ball, location: 2F 1-2: Ball 2-2: Foul Ball, location: 2F 2-2: Ball 3-2: Base on Balls
|
|
Batting: RHB Kyle Verkamp
|
0-0: Ball 1-0: Ball 2-0: Foul Ball, location: 2F 2-1: Swinging Strike 2-2: Strikes out swinging
|
| Top of the 5th over - 0 runs, 0 hits, 0 errors, 1 left on base; Kingsport 0 - Bristol 0 |
| BOTTOM OF THE 5TH |
|
Bristol Pirates batting - Pitching for Kingsport Mets : RHP Mark Paddock
|
|
Batting: LHB Tommie Benefield
|
0-0: Called Strike 0-1: Ground out 1-3 (Groundball, 34S, EV 65.0 MPH)
|
|
Batting: RHB Dustin Hamblin
|
0-0: Ball 1-0: Ground out 4-3 (Groundball, 4, EV 78.1 MPH)
|
|
Batting: RHB Zachery Loomis
|
0-0: Called Strike 0-1: Ball 1-1: Foul Ball, location: 2F 1-2: Ground out 6-3 (Groundball, 6, EV 94.4 MPH)
|
| Bottom of the 5th over - 0 runs, 0 hits, 0 errors, 0 left on base; Kingsport 0 - Bristol 0 |
| TOP OF THE 6TH |
|
Kingsport Mets batting - Pitching for Bristol Pirates : RHP Shi-yu Man
|
|
Batting: LHB Rick Vallis
|
0-0: Called Strike 0-1: Foul Ball, location: 2F 0-2: Strikes out swinging
|
|
Batting: SHB Josh Thomson
|
0-0: Called Strike 0-1: Ball 1-1: Ball 2-1: Ball 3-1: Base on Balls
|
|
Batting: LHB Randolph Brodbeck
|
0-0: Ball Josh Thomson is caught stealing 2nd base 2-6 1-0: SINGLE (Groundball, 6MD, EV 96.9 MPH)
|
|
Batting: RHB Juan Medina
|
0-0: Ball 1-0: Fielders Choice at 2nd, 6-4 (Groundball, 6, EV 85.0 MPH)
|
| Top of the 6th over - 0 runs, 1 hit, 0 errors, 1 left on base; Kingsport 0 - Bristol 0 |
| BOTTOM OF THE 6TH |
|
Bristol Pirates batting - Pitching for Kingsport Mets : RHP Mark Paddock
|
|
Batting: RHB Ryan Thurston
|
0-0: Called Strike 0-1: Foul Ball, location: 2F 0-2: Ground out 5-3 (Groundball, 56, EV 108.1 MPH)
|
|
Batting: RHB Rafael Galicia
|
0-0: Ball 1-0: SINGLE (Groundball, 6MD, EV 96.9 MPH)
|
|
Batting: RHB Jon Solis
|
0-0: Called Strike 0-1: Swinging Strike 0-2: Ball 1-2: Strikes out swinging
|
|
Batting: SHB Juan Ayala
|
0-0: Ball Rafael Galicia is caught stealing 2nd base 2-6
|
| Bottom of the 6th over - 0 runs, 1 hit, 0 errors, 0 left on base; Kingsport 0 - Bristol 0 |
| TOP OF THE 7TH |
|
Kingsport Mets batting - Pitching for Bristol Pirates : RHP Shi-yu Man
|
|
Batting: RHB Dan Muse
|
0-0: Called Strike 0-1: Ball 1-1: Called Strike 1-2: Ball 2-2: TRIPLE (Line Drive, 8RXD, EV 110.0 MPH)
|
|
Pitching: LHP Ighlas Kumbuka
|
|
|
Batting: RHB Chris Artz
|
0-0: Ball 1-0: Foul Ball, location: 2F 1-1: Ground out 6-3 (Groundball, 56, EV 84.4 MPH)
|
|
Batting: RHB Warren Carmichael
|
0-0: Called Strike 0-1: Ball 1-1: Called Strike 1-2: Fly out, F8 (Line Drive, 8LM, EV 91.9 MPH)
|
|
Batting: RHB Artyom Shavkunov
|
0-0: Foul Ball, location: 2F 0-1: Ball 1-1: Fly out, F8 (Flyball, 8LD, EV 86.9 MPH)
|
| Top of the 7th over - 0 runs, 1 hit, 0 errors, 1 left on base; Kingsport 0 - Bristol 0 |
| BOTTOM OF THE 7TH |
|
Bristol Pirates batting - Pitching for Kingsport Mets : RHP Mark Paddock
|
|
Batting: SHB Juan Ayala
|
0-0: Fly out, F8 (Flyball, 89D, EV 89.4 MPH)
|
|
Batting: LHB Damien Cohen
|
0-0: Called Strike 0-1: Ball 1-1: Foul Ball, location: 2F 1-2: SOLO HOME RUN (Flyball, 9LD, EV 107.5 MPH), Distance : 406 ft
|
|
Pitching: RHP Ken Tayo
|
|
|
Batting: RHB Oscar Munoz
|
0-0: SOLO HOME RUN (Flyball, 7D, EV 100.0 MPH), Distance : 393 ft
|
|
Batting: LHB Tommie Benefield
|
0-0: Called Strike 0-1: Ball 1-1: Called Strike 1-2: Strikes out swinging
|
|
Batting: RHB Dustin Hamblin
|
0-0: Swinging Strike 0-1: Swinging Strike 0-2: Fly out, F8 (Flyball, 8LD, EV 101.2 MPH)
|
| Bottom of the 7th over - 2 runs, 2 hits, 0 errors, 0 left on base; Kingsport 0 - Bristol 2 |
| TOP OF THE 8TH |
|
Kingsport Mets batting - Pitching for Bristol Pirates : LHP Ighlas Kumbuka
|
|
Batting: RHB Kyle Verkamp
|
0-0: Called Strike 0-1: Called Strike 0-2: Ball 1-2: Foul Ball, location: 2F 1-2: Ground out 6-3 (Groundball, 6, EV 85.6 MPH)
|
|
Batting: LHB Rick Vallis
|
0-0: Foul Ball, location: 2F 0-1: Foul Ball, location: 2F 0-2: Ball 1-2: Foul Ball, location: 2F 1-2: Strikes out looking
|
|
Pitching: RHP Sean Elder
|
|
|
Batting: SHB Josh Thomson
|
0-0: Ball 1-0: Foul Ball, location: 2F 1-1: Foul Ball, location: 2F 1-2: Foul Ball, location: 2F 1-2: SINGLE (Flyball, 7S, EV 87.5 MPH) - OUT at second base trying to stretch hit.
|
| Top of the 8th over - 0 runs, 1 hit, 0 errors, 0 left on base; Kingsport 0 - Bristol 2 |
| BOTTOM OF THE 8TH |
|
Bristol Pirates batting - Pitching for Kingsport Mets : RHP Ken Tayo
|
|
Batting: RHB Zachery Loomis
|
0-0: Foul Ball, location: 2F 0-1: Ball 1-1: Ball 2-1: Foul Ball, location: 2F 2-2: Foul Ball, location: 2F 2-2: Ground out 5-3 (Groundball, 56S, EV 83.1 MPH)
|
|
Batting: RHB Ryan Thurston
|
0-0: Ball 1-0: Fly out, F9 (Flyball, 9, EV 77.5 MPH)
|
|
Batting: RHB Rafael Galicia
|
0-0: Called Strike 0-1: Swinging Strike 0-2: Ball 1-2: DOUBLE (Line Drive, 9LD, EV 109.4 MPH)
|
|
Batting: RHB Jon Solis
|
0-0: Foul Ball, location: 2F 0-1: Called Strike 0-2: Ball 1-2: Ball 2-2: Strikes out swinging
|
| Bottom of the 8th over - 0 runs, 1 hit, 0 errors, 1 left on base; Kingsport 0 - Bristol 2 |
| TOP OF THE 9TH |
|
Kingsport Mets batting - Pitching for Bristol Pirates : RHP Sean Elder
|
|
Batting: LHB Randolph Brodbeck
|
0-0: Foul Ball, location: 2F 0-1: Swinging Strike 0-2: Ball 1-2: Foul Ball, location: 2F 1-2: Ball 2-2: Foul Ball, location: 2F 2-2: Foul Ball, location: 2F 2-2: Ball 3-2: Foul Ball, location: 2F 3-2: Base on Balls
|
|
Batting: RHB Juan Medina
|
0-0: Ball 1-0: Ball 2-0: Foul Ball, location: 2F 2-1: Foul Ball, location: 2F 2-2: Strikes out swinging
|
|
Batting: RHB Dan Muse
|
0-0: Called Strike 0-1: Ball 1-1: Foul Ball, location: 2F 1-2: Foul Ball, location: 2F 1-2: 2-RUN HOME RUN (Flyball, 7D, EV 98.8 MPH), Distance : 384 ft
|
|
Batting: RHB Chris Artz
|
0-0: Ball 1-0: Ball 2-0: Ball 3-0: Base on Balls
|
|
Batting: RHB Warren Carmichael
|
0-0: 2-RUN HOME RUN (Flyball, 78XD, EV 103.8 MPH), Distance : 410 ft
|
|
Pitching: RHP Ray Maki
|
|
|
Batting: RHB Artyom Shavkunov
|
0-0: Ball 1-0: Foul Ball, location: 2F 1-1: Foul Ball, location: 2F 1-2: Foul Ball, location: 2F 1-2: Ball 2-2: SOLO HOME RUN (Flyball, 7D, EV 101.2 MPH), Distance : 394 ft
|
|
Batting: RHB Kyle Verkamp
|
0-0: Ball 1-0: Fly out, F9 (Flyball, 9D, EV 96.9 MPH)
|
|
Batting: LHB Rick Vallis
|
0-0: SOLO HOME RUN (Flyball, 7D, EV 98.1 MPH), Distance : 390 ft
|
|
Batting: SHB Josh Thomson
|
0-0: Called Strike 0-1: Ball 1-1: Swinging Strike 1-2: Ball 2-2: Ball 3-2: SINGLE (Groundball, 4D, EV 96.9 MPH)
|
|
Batting: LHB Randolph Brodbeck
|
0-0: Ball 1-0: Ball 2-0: Called Strike 2-1: Called Strike 2-2: Fielders Choice at 2nd, 5-4 (Groundball, 6, EV 85.0 MPH)
|
| Top of the 9th over - 6 runs, 5 hits, 0 errors, 1 left on base; Kingsport 6 - Bristol 2 |
| BOTTOM OF THE 9TH |
|
Bristol Pirates batting - Pitching for Kingsport Mets : RHP Ken Tayo
|
|
Batting: SHB Juan Ayala
|
0-0: Ball 1-0: Fly out, F8 (Line Drive, 8LM, EV 95.0 MPH)
|
|
Batting: LHB Damien Cohen
|
0-0: Ball 1-0: Ball 2-0: Foul Ball, location: 2F 2-1: Ball 3-1: Base on Balls
|
|
Pitching: LHP Antonio Davila
|
|
|
Batting: RHB Oscar Munoz
|
0-0: Ball 1-0: Ball 2-0: Called Strike 2-1: Foul Ball, location: 2F 2-2: Foul Ball, location: 2F 2-2: Fly out, F6 (Popup, 6, EV 72.5 MPH)
|
|
Batting: LHB Tommie Benefield
|
0-0: Called Strike 0-1: Ball 1-1: Called Strike 1-2: Ball 2-2: Ball 3-2: Ground out 5-3 (Groundball, 5L, EV 100.6 MPH)
|
| Bottom of the 9th over - 0 runs, 0 hits, 0 errors, 1 left on base; Kingsport 6 - Bristol 2 |
|